 Dungeon Crawl Stone Soup version 0.25-a0-36-g303dd5b1f4 (webtiles) character file.

Game seed: 13458139414839406919, levelgen mode: deterministic

195 Dycilia the Shield-Bearer (level 6, -1/49 HPs)
             Began as a Formicid Fighter on Oct 20, 2019.
             Killed from afar by an orc wizard (7 damage)
             ... with a magic dart
             ... on level 3 of the Dungeon.
             The game lasted 00:05:20 (1894 turns).

Dycilia the Shield-Bearer (Formicid Fighter)        Turns: 1894, Time: 00:05:21

Health: -1/49      AC:  8    Str: 22    XL:     6   Next: 4%
Magic:  6/6        EV:  8    Int:  8    God:
Gold:   116        SH: 10    Dex: 10    Spells: 5/5 levels left

rFire    . . .     SeeInvis +   a - +0 quarterstaff
rCold    . . .     Gourm    .   c - +0 shield
rNeg     . . .     Faith    .   b - +0 scale mail
rPois    .         Spirit   .   (helmet unavailable)
rElec    .         Reflect  .   (no cloak)
rCorr    .         Harm     .   m - +0 pair of gloves
MR       .....                  (no boots)
Stlth    ..........             (no amulet)
HPRegen  0.16/turn              (no ring)
MPRegen  0.10/turn              (no ring)

@: no status effects
A: permanent stasis, dig shafts and tunnels, four strong arms, antennae 3
a: Dig, Shaft Self


You were on level 3 of the Dungeon.
You were hungry.

You visited 1 branch of the dungeon, and saw 3 of its levels.

You collected 116 gold pieces.

Inventory:

Hand Weapons
 a - a +0 quarterstaff (weapon)
Armour
 b - a +0 scale mail (worn)
 c - a +0 shield (worn)
 m - a +0 pair of gloves (worn)
Jewellery
 n - an uncursed ring of resist corrosion {unknown}
Wands
 r - a wand of scattershot (5)
Scrolls
 e - 2 scrolls of remove curse {unknown}
 i - a scroll of enchant armour {unknown}
 k - 2 scrolls of magic mapping {unknown}
 l - 2 scrolls of identify {unknown}
 o - a scroll of blinking {unknown}
 q - a scroll of fear {unknown}
Potions
 d - a potion of might
 h - 4 potions of heal wounds {unknown}
 j - a potion of degeneration {unknown}
 p - 2 potions of brilliance {unknown}
Comestibles
 f - a ration
 g - 7 chunks of flesh


   Skills:
 + Level 4.5 Fighting
 + Level 3.2 Staves
 + Level 4.4 Armour
 + Level 4.8 Shields


You had 5 spell levels left.
You didn't know any spells.
Your spell library was empty.

Dungeon Overview and Level Annotations

Branches:
Dungeon (3/15)

Altars:


Innate Abilities, Weirdness & Mutations

You cannot be hasted, slowed, berserked, paralysed or teleported.
You can dig through walls and to a lower floor.
Your four strong arms can wield two-handed weapons with a shield.
You have a pair of large antennae on your head. (SInv)


Message History

Your shield and scale mail prevent you from hitting the orc wizard.
The orc wizard hits you but does no damage.
You closely miss the orc wizard.
The orc wizard hits you but does no damage. x2
You closely miss the orc wizard.
The orc wizard points at you and mumbles some strange words.
The magic dart hits you!
The orc wizard hits you with a +0 dagger.
Your shield and scale mail prevent you from hitting the orc wizard.
You block the orc wizard's attack.
The orc wizard hits you with a +0 dagger.
* * * LOW HITPOINT WARNING * * *
You sock the orc wizard!
The orc wizard is heavily wounded.
The orc wizard casts a spell at you. The magic dart hits you!
* * * LOW HITPOINT WARNING * * *
The orc wizard points at you and mumbles some strange words.
The magic dart hits you!
You die...

. ..... ..##### ##....
......... ######...# ###
.........#####....#..###..##
..... #...##....P#.###....
..... ###....8PP...##.oo#
..... #..#.....#.#....#
....#######.######..#{(##.#
..........(.....@o..##..##[#
.#
########÷.#####.)##...###.
## ##..## #............ #
#....###...########. ###
##....###### ..# #......####
... #÷#######
#..#.#....########...
#.#.....#
##.#....#..##.......
#.......#####..###..#....#
#..#


You could see an orc wizard.

Vanquished Creatures
  An orc priest (D:3)
  A centaur skeleton (D:3)
  2 worker ant zombies (D:3)
  4 adders (D:2)
  2 worms (D:2)
  2 dart slugs
  2 leopard geckos (D:1)
  3 orcs (D:3)
  3 giant cockroaches
  4 goblins
  4 hobgoblins
  12 kobolds
  A quokka (D:3)
  A ball python (D:2)
  A ball python zombie (D:3)
  9 bats
  7 frilled lizards
  A quokka skeleton (D:3)
  14 rats
74 creatures vanquished.

Notes
Turn   | Place    | Note
-------+----------+-------------------------------------------
     0 | D:1      | Dycilia the Formicid Fighter began the quest for the Orb.
     0 | D:1      | Reached XP level 1. HP: 18/18 MP: 1/1
   176 | D:1      | Reached XP level 2. HP: 23/24 MP: 2/2
   590 | D:1      | Reached XP level 3. HP: 29/29 MP: 3/3
  1164 | D:2      | Reached XP level 4. HP: 31/37 MP: 4/4
  1583 | D:3      | Reached XP level 5. HP: 42/42 MP: 5/5
  1871 | D:3      | Reached XP level 6. HP: 31/49 MP: 6/6
  1894 | D:3      | Killed from afar by an orc wizard

Levels and vault maps discovered:
D:1:      nagdon_arrival_zigzag_paths, layout_rooms, minivault_24,
          hangedman_abyss_or_decor_stabs
D:2:      layout_rooms, minmay_quantized
D:3:      layout_rooms, serial_undead, serial_undead_d, serial_undead_e,
          serial_undead_e, serial_undead_b, minmay_cupped

Skill      XL: |  1  2  3  4  5 |
---------------+----------------+-----
Shields        | 4 |  4.8
Fighting       | 4 |  4.5
Armour         | 4 |  4.4
Staves         | 3 |  3.2

Action                   |  1- 3 |  4- 6 || total
-------------------------+-------+-------++-------
Melee: Quarterstaff      |    94 |   133 ||   227
  Eat: Chunk             |     1 |     2 ||     3
Armor: Scale mail        |    47 |    88 ||   135
Dodge: Dodged            |    29 |    48 ||    77
Block: Shield            |    56 |    63 ||   119

Table legend:
 A = Non-vault XP
 B = Vault XP
 C = Vault XP percentage of total XP
 D = Non-vault monster count
 E = Vault monster count
 F = Vault count percentage of total count
                 A         B        C        D         E       F
            +---------+---------+-------+---------+---------+-------
      Total |     194 |      85 |  30.5 |      65 |       9 |  12.2
            +---------+---------+-------+---------+---------+-------
        D:1 |      39 |       0 |   0.0 |      23 |       0 |   0.0
        D:2 |      87 |       9 |   9.4 |      26 |       2 |   7.1
        D:3 |      68 |      76 |  52.8 |      16 |       7 |  30.4
            +---------+---------+-------+---------+---------+-------
